 Dungeon Crawl Stone Soup version 0.32-a0-699-g1ee5eff (webtiles) character file.

Game seed: 2577500408666897091

16716 arrowsters the Zephyrmancer (level 12, -6/91 HPs)
             Began as a Human Air Elementalist on Mar 9, 2024.
             Was an Elder of Sif Muna.
             Mangled by a skyshark (24 damage)
             ... on level 2 of the Lair of Beasts on Mar 13, 2024.
             The game lasted 00:34:58 (17873 turns).

arrowsters the Zephyrmancer (HuAE)                 Turns: 17873, Time: 00:34:59

Health: -6/91      AC: 12    Str:  9    XL:     12   Next: 40%
Magic:  19/26      EV: 12    Int: 21    God:    Sif Muna [****..]
Gold:   633        SH:  5    Dex: 13    Spells: 17/31 levels left

rFire   . . .        a - +1 dagger (venom)
rCold   . . .        (no shield)
rNeg    . . .        f - +0 acid dragon scales
rPois   .            G - +2 hat
rElec   .            p - +2 cloak
rCorr   +            u - +0 pair of gloves
SInv    .            (no boots)
Will    .....        J - amulet of reflection
Stlth   ++           l - ring of wizardry
HPRegen 0.35/turn    (no ring)
MPRegen 0.20/turn

%: reflection, wizardry (x1)
@: marked
A: explore regen
a: Renounce Religion, Channel Magic, Forget Spell, Divine Exegesis


You were on level 2 of the Lair of Beasts.
You worshipped Sif Muna.
Sif Muna was greatly pleased with you.
You visited 3 branches of the dungeon, and saw 14 of its levels.
You also visited: Ossuary.

You collected 685 gold pieces.
You spent 52 gold pieces at shops.

Inventory:

Hand Weapons
 a - a +1 dagger of venom (weapon)
 E - a +0 morningstar
Missiles
 F - a throwing net {!f}
Armour
 f - +0 acid dragon scales (worn)
 p - a +2 cloak (worn)
 u - a +0 pair of gloves (worn)
 G - a +2 hat (worn)
 H - a +2 robe of willpower
Jewellery
 l - a ring of wizardry (left hand)
 J - an amulet of reflection (around neck)
 K - a ring of resist corrosion
Wands
 g - a wand of warping (5)
 o - a wand of polymorph (12)
 y - a wand of flame (14)
 B - a wand of paralysis (19)
 C - a wand of mindburst (11)
Scrolls
 d - 3 scrolls of noise
 e - 2 scrolls of immolation {unknown}
 h - 2 scrolls of torment {unknown}
 i - a scroll of brand weapon
 j - 4 scrolls of poison
 r - a scroll of identify
 t - 4 scrolls of enchant weapon {unknown}
 x - 8 scrolls of teleportation {unknown}
 z - a scroll of amnesia {unknown}
 D - 2 scrolls of vulnerability
 L - a scroll of fog {unknown}
 M - a scroll of blinking {unknown}
Potions
 b - a potion of magic {!q}
 c - 3 potions of heal wounds {!q}
 k - 6 potions of enlightenment {!q!q}
 m - 2 potions of haste {!q}
 n - 3 potions of resistance {!q}
 q - 6 potions of curing {!q}
 s - 3 potions of invisibility {!q}
 v - 4 potions of might {!q}
 w - 3 potions of attraction
 A - 2 potions of mutation
 I - a potion of cancellation {unknown}
 N - 2 potions of lignification {unknown}


   Skills:
 + Level 7.2 Fighting
 - Level 2.0 Armour
 + Level 7.3 Dodging
 - Level 5.0 Stealth
 - Level 10.0 Spellcasting
 + Level 6.9 Conjurations
 * Level 11.3 Air Magic


You had 17 spell levels left.
You knew the following spells:

 Your Spells              Type           Power      Damage    Failure   Level
a - Static Discharge      Conj/Air       98%        3-8/arc   1%          2
b - Iskenderun's Mystic   Conj/Tloc      25%        2d7       11%         4
c - Airstrike             Air            27%        2d(4-20)  1%          4
w - Swiftness             Air            55%        N/A       1%          3
z - Shock                 Conj/Air       100%       1d9       1%          1

Your spell library contained the following spells:

 Spells                   Type           Power      Damage    Failure   Level
 Sting                    Conj/Alch      100%       1d9       1%          1
 Mephitic Cloud           Conj/Alch/Air  36%        N/A       1%          3
 Dazzling Flash           Conj/Hex       50%        N/A       3%          3
 Stone Arrow              Conj/Erth      50%        3d10      3%          3
 Apportation              Tloc           20%        N/A       4%          1
 Necrotise                Necr           40%        1d6       4%          1
 Sandblast                Erth           20%        2d7       4%          1
 Slow                     Hex            40%        N/A       4%          1
 Summon Small Mammal      Summ           40%        N/A       4%          1
 Brom's Barrelling Bould  Conj/Erth      25%        2d5       11%         4
 Fulminant Prism          Conj/Alch      12%        3d8       11%         4
 Silence                  Hex/Air        17%        N/A       12%         5
 Confusing Touch          Hex            10%        N/A       13%         3
 Fugue of the Fallen      Necr           10%        N/A       13%         3
 Ozocubu's Armour         Ice            10%        N/A       13%         3
 Vampiric Draining        Necr           10%        2d6       13%         3
 Volatile Blastmotes      Fire/Tloc      20%        2d11      13%         3
 Manifold Assault         Tloc           10%        N/A       38%         4
 Curse of Agony           Necr           10%        N/A       71%         5
 Summon Forest            Summ/Tloc      5%         N/A       71%         5
 Eringya's Noxious Bog    Alch           5%         4d6       99%         6
 Summon Hydra             Summ           5%         N/A       100%        7


Dungeon Overview and Level Annotations

Branches:
Dungeon (11/15)            Temple (1/1) D:5            Lair (2/5) D:8
    Orc (0/2) D:9         Ossuary (visited)
  Swamp: Lair:2-3    Shoals: Lair:2-3     Snake: Lair:2-3    Spider: Lair:2-3

Altars:
Ashenzari
Cheibriados
Dithmenos
Elyvilon
Fedhas
Gozag
Hepliaklqana
Kikubaaqudgha
Makhleb
Nemelex Xobeh
Okawaru
Qazlal
Ru
Sif Muna
Trog
Uskayaw
Vehumet
Wu Jian
Xom
Yredelemnul
Zin
The Shining One

Shops:
D:2 ?   D:8 *   D:10 =   D:11 (

Annotations:
D:6 3 runed translucent doors, Abbadon's ghost, novice GnWn
Lair:2 Harold


Innate Abilities, Weirdness & Mutations

You regain HP and MP as you explore.


Message History

The wolf is struck by an arc of lightning.
The wolf is severely wounded.
You are struck by an arc of lightning.
Harold is struck by an arc of lightning.
Harold is moderately wounded.
The lightning grounds out.
The wolf howls!
You hear an angry hiss.
The wolf bites you but does no damage. The wolf bites you.
* * * LOW HITPOINT WARNING * * *
Harold gestures at you while chanting. A sentinel's mark forms upon you.
The wolf bites you.
* * * LOW HITPOINT WARNING * * *
The wolf bites you.
* * * LOW HITPOINT WARNING * * *
Taken [14] Damage!
You left [56]HP Unknown command.
The wolf bites you.
* * * LOW HITPOINT WARNING * * *
Harold barely misses you. The wolf closely misses you.
You see here a wolf corpse.
Taken [1] Damage!
You left [55]HP Unknown command.
Unknown command.
The wolf barely misses you. The wolf misses you. You block the wolf's attack.
The skyshark bites you!
* * * LOW HITPOINT WARNING * * *
The skyshark tastes blood and grows stronger!
The skyshark barely misses you. The skyshark tail-slaps you.
* * * LOW HITPOINT WARNING * * *
Taken [12] Damage!
You left [43]HP Unknown command.
Unknown command.
The wolf attacks as it pursues you! The wolf bites you but does no damage.
The wolf bites you.
* * * LOW HITPOINT WARNING * * *
Harold hits you from afar with a +0 vampiric glaive!!
* * * LOW HITPOINT WARNING * * *
Harold draws strength from your wounds! The skyshark bites you!!
You die... #..#...## ##.....#.#. #.......#...#. .⌠.. #.......D+........ #....... ......⌠ #.#..# ..#.. #.@†h## .D.D #.#hh.# #Dh

##..F@#######†#
#......<..##†<#
#.....#..###..#
#........# #.##
#P..#....#.##.
##..#....#.Dh.
#..#.#.....#.
#. ...... ...
.# ....P...


You could see Harold, a skyshark (strong), a six-headed hydra and 4 wolves.

Vanquished Creatures
  3 two-headed ogres
  A boulder beetle (D:11)
  An ugly thing (D:8)
  A black mamba (Lair:2)
  A gargoyle (D:10)
  A cane toad (Lair:1)
  3 komodo dragons
  A rime drake (Lair:1)
  2 trolls (D:10)
  2 polar bears (Lair:1)
  3 blink frogs (Lair:1)
  10 slime creatures
  A spriggan (D:7)
  Sigmund (D:2)
  2 wyverns
  A shadow (D:11)
  6 yaks (Lair:1)
  Grum (D:9)
  A steam dragon (D:4)
  5 water moccasins
  2 acid dragons
  Duvessa (D:5)
  A swamp drake (D:9)
  5 orc warriors
  An ice beast (D:6)
  A black bear (D:6)
  A sky beast (D:8)
  An ogre (D:6)
  15 wolves
  4 centaurs
  2 kobold brigands (D:9)
  A weeping skull (Ossuary)
  A gnoll sergeant (D:9)
  4 bullfrogs
  4 scorpions
  2 burial acolytes (Ossuary)
  17 wights
  Dowan (D:5)
  21 killer bees
  4 electric eels (Lair:1)
  2 bombardier beetles (D:3)
  A centaur zombie (Ossuary)
  A human zombie (Ossuary)
  Crazy Yiuf (D:2)
  2 hounds
  A gnoll bouda (D:7)
  6 orc priests
  3 sleepcaps
  2 iguanas (D:6)
  5 orc wizards
  Natasha (thrice) (D:2)
  4 hound zombies (Ossuary)
  2 mummies (Ossuary)
  9 gnolls
  7 adders
  2 white imps
  2 ufetubi (D:6)
  A dart slug (D:1)
  37 orcs
  8 ball pythons
  2 bats (D:2)
  5 endoplasms
  4 giant cockroaches
  6 goblins
  12 hobgoblins
  3 jackals (D:3)
  5 quokkas
  5 frilled lizards
  2 gnoll zombies (Ossuary)
  17 kobolds
  9 orc zombies (Ossuary)
  4 rats
309 creatures vanquished.

Notes
Turn   | Place    | Note
-------+----------+-------------------------------------------
     0 | D:1      | arrowsters the Human Air Elementalist began the quest for
                  | the Orb.
     0 | D:1      | Reached XP level 1. HP: 13/13 MP: 3/3
   237 | D:1      | Reached XP level 2. HP: 14/20 MP: 0/5
   288 | D:1      | Upgraded the game from 0.32-a0-666-ge8a8869 to
                  | 0.32-a0-685-g93135e8
   465 | D:1      | Reached skill level 1 in Fighting
   898 | D:1      | Reached XP level 3. HP: 26/26 MP: 4/6
   902 | D:1      | Learned a level 3 spell: Swiftness
  1424 | D:2      | Noticed Natasha
  1434 | D:2      | Killed Natasha
  1435 | D:2      | Reached skill level 4 in Air Magic
  1435 | D:2      | Reached XP level 4. HP: 15/32 MP: 2/8
  1440 | D:2      | Learned a level 4 spell: Airstrike
  1525 | D:2      | Noticed Sigmund
  1557 | D:2      | Killed Sigmund
  1558 | D:2      | Reached skill level 5 in Air Magic
  1558 | D:2      | Reached XP level 5. HP: 32/37 MP: 3/11
  1558 | D:2      | Reached XP level 6. HP: 37/43 MP: 3/12
  1669 | D:2      | Noticed Natasha
  1677 | D:2      | Killed Natasha
  1684 | D:2      | Noticed Natasha
  1694 | D:2      | Killed Natasha
  1929 | D:2      | Found Kerphu's Magic Scroll Shop.
  1937 | D:2      | Bought a scroll of identify for 26 gold pieces
  1937 | D:2      | Bought 2 scrolls of noise for 26 gold pieces
  2026 | D:2      | Found a runed translucent door.
  2027 | D:2      | Noticed Crazy Yiuf
  2237 | D:2      | Killed Crazy Yiuf
  2550 | D:3      | Learned a level 2 spell: Static Discharge
  2784 | D:3      | Found a sacrificial altar of Ru.
  2784 | D:3      | Found a broken altar of Ashenzari.
  2997 | D:3      | Reached XP level 7. HP: 48/48 MP: 10/13
  3499 | D:4      | Found a sand-covered staircase.
  3556 | Ossuary  | Entered an ossuary
  3697 | Ossuary  | Found an ancient bone altar of Kikubaaqudgha.
  4129 | Ossuary  | Reached skill level 1 in Armour
  4643 | Ossuary  | Reached skill level 5 in Spellcasting
  5434 | D:4      | Noticed a steam dragon
  5438 | D:4      | Killed a steam dragon
  5439 | D:4      | Reached skill level 6 in Air Magic
  5439 | D:4      | Reached XP level 8. HP: 56/56 MP: 1/15
  5957 | D:5      | Entered Level 5 of the Dungeon
  5999 | D:5      | Noticed Duvessa
  6009 | D:5      | Killed Duvessa
  6110 | D:5      | Noticed Dowan
  6111 | D:5      | Killed Dowan
  6286 | D:5      | Found a staircase to the Ecumenical Temple.
  6296 | Temple   | Entered the Ecumenical Temple
  6313 | Temple   | Became a worshipper of Sif Muna the Loreminder
  7220 | D:6      | Upgraded the game from 0.32-a0-685-g93135e8 to
                  | 0.32-a0-686-gc880bc2
  7350 | D:6      | Found a runed translucent gate.
  7350 | D:6      | Found a runed translucent gate.
  7351 | D:6      | Found a runed translucent gate.
  7352 | D:6      | Noticed a spectral unseen horror
  7407 | D:6      | Noticed a spectral unseen horror
  7408 | D:6      | Noticed Abbadon's ghost (novice GnWn)
  7408 | D:6      | Noticed a spectral unseen horror
  7654 | D:6      | Found a white marble altar of Elyvilon.
  7714 | D:6      | Reached XP level 9. HP: 63/63 MP: 9/18
  7717 | D:6      | Reached skill level 7 in Air Magic
  8284 | D:6      | Found a stormy altar of Qazlal.
  8405 | D:7      | Found a radiant altar of Vehumet.
  9571 | D:8      | Noticed a komodo dragon
  9577 | D:8      | Killed a komodo dragon
  9581 | D:8      | Found a shadowy altar of Dithmenos.
  9584 | D:8      | Noticed a green ugly thing
  9797 | D:8      | Found a shimmering altar of Xom.
  9841 | D:8      | You fall into a shaft and drop 3 floors!
  9841 | D:11     | Found Nuohat's Weapon Shop.
  9847 | D:11     | Noticed a boulder beetle
  9860 | D:11     | Killed a boulder beetle
  9861 | D:11     | Reached skill level 5 in Stealth
  9861 | D:11     | Reached skill level 8 in Air Magic
  9861 | D:11     | Reached XP level 10. HP: 14/73 MP: 0/21
  9866 | D:11     | Learned a level 4 spell: Iskenderun's Mystic Blast
 10118 | D:10     | Entered Level 10 of the Dungeon
 10396 | D:10     | Reached skill level 5 in Dodging
 10494 | D:9      | Reached * piety under Sif Muna
 10925 | D:8      | Found a bloodstained altar of Trog.
 11156 | D:8      | Killed a green ugly thing
 11157 | D:8      | Reached skill level 5 in Fighting
 11404 | D:8      | Found Kipipot's CLEARANCE SALE!.
 11421 | D:8      | Found a staircase to the Lair.
 11953 | D:9      | Reached skill level 9 in Air Magic
 12225 | D:9      | Noticed Grum
 12232 | D:9      | Killed Grum
 12233 | D:9      | Reached skill level 5 in Conjurations
 12420 | D:9      | Reached ** piety under Sif Muna
 12449 | D:9      | Found a staircase to the Orcish Mines.
 12479 | D:9      | Identified the +3 animal skin of the Great Game {Int+3}
 12571 | D:9      | Reached XP level 11. HP: 68/80 MP: 1/23
 13304 | D:9      | Noticed a two-headed ogre
 13317 | D:9      | Killed a two-headed ogre
 13648 | D:10     | Noticed a two-headed ogre
 13810 | D:10     | Noticed a two-headed ogre
 13827 | D:10     | Killed a two-headed ogre
 13988 | D:10     | Found Cuvurul's Jewellery Shoppe.
 14068 | D:10     | Upgraded the game from 0.32-a0-686-gc880bc2 to
                  | 0.32-a0-699-g1ee5eff
 14072 | D:10     | Killed a two-headed ogre
 14073 | D:10     | Reached skill level 10 in Air Magic
 14554 | D:10     | Reached *** piety under Sif Muna
 15507 | D:11     | Identified the +0 plate armour of Grace {*Slow rF+++ Int-2
                  | Dex+5}
 16283 | Lair:1   | Entered Level 1 of the Lair of Beasts
 16601 | Lair:1   | Reached XP level 12. HP: 74/89 MP: 7/25
 17212 | Lair:1   | Reached skill level 11 in Air Magic
 17218 | Lair:1   | Reached skill level 10 in Spellcasting
 17763 | Lair:2   | Noticed a six-headed hydra
 17765 | Lair:2   | Noticed a five-headed hydra
 17862 | Lair:2   | Noticed Harold
 17866 | Lair:2   | Reached **** piety under Sif Muna
 17868 | Lair:2   | Noticed a skyshark
 17873 | Lair:2   | Mangled by a skyshark

Illustrated notes

Levels and vault maps discovered:
D:1:      dpeg_arrival_rhombus, layout_basic
D:2:      layout_loops_ring, serial_shops, nicolae_shop_stone,
          uniq_crazy_yiuf_cottage, uniq_natasha, uniq_sigmund
D:3:      layout_loops_ring, gammafunk_temple_overflow_elements, hex_large
D:4:      layout_basic, mainiacjoe_ossuary_entry_dusty_tomb, fountainhead,
          kennysheep_generic_room_11
D:5:      layout_basic, minmay_temple_entry_sparse_star, due_unseen_surprise,
          uniq_duvessa
D:6:      layout_loops_ring, mainiacjoe_overflow_alcove_4,
          mainiacjoe_overflow_24_doors, gammafunk_ghost_necromancy,
          grunt_ministairs_8
D:7:      layout_basic, nicolae_vehumet_radiance, st_stairs_14, the_hattery
D:8:      layout_basic, lemuel_coloured_pillars_altar, old_standard_altar,
          mainiacjoe_overflow_catwalk, david_lair_shrubbed,
          minmay_misc_feat_tower, nicolae_shop_clearance
D:9:      layout_rooms, erik_orc_1, chequers_mini_garden, uniq_grum
D:10:     layout_cave_pools, serial_shops, shop, grunt_ministairs_3,
          kennysheep_generic_room_10
D:11:     layout_loops_corners, serial_shops, shop
Temple:   zaba_magenta_temple
Lair:1:   layout_roguey, infiniplex_staircase_pool, serial_bayou_shore_a,
          grunt_megastairs_1
Lair:2:   layout_loops_ring, elwin_shoals_entry_rocks,
          nicolae_snake_entry_squirm, chequers_serial_rivers_micro_c,
          grunt_megastairs_2, lemuel_fruit_tree, uniq_harold

Skill      XL: |  1  2  3  4  5  6  7  8  9 10 11 12 |
---------------+-------------------------------------+-----
Fighting       | 1 2 3 4 5 6 7 |  7.2
Spellcasting   | 3 4 5 6 7 8 9 10 | 10.0
Air Magic      | 4 5 6 8 9 10 11 | 11.3
Armour         | 1 2 |  2.0
Conjurations   | 2 3 4 5 6 |  6.9
Stealth        | 3 5 |  5.0
Dodging        | 3 4 5 6 7 |  7.3

Action                     |  1- 3 |  4- 6 |  7- 9 | 10-12 || total
---------------------------+-------+-------+-------+-------++-------
  Melee: Unarmed           |    16 |       |       |       ||    16
         Dagger            |    15 |     1 |    35 |    69 ||   120
   Cast: Shock             |    68 |    59 |    82 |   129 ||   338
         Airstrike         |       |     3 |   128 |   134 ||   265
         Static Discharge  |       |       |     4 |    61 ||    65
         Swiftness         |       |       |       |     2 ||     2
  Evoke: Wand              |       |       |     1 |       ||     1
    Use: Scroll            |       |     4 |     6 |     5 ||    15
         Potion            |       |       |     3 |       ||     3
   Stab: Distracted        |       |       |     1 |       ||     1
 Armour: Leather armour    |    25 |    14 |   100 |       ||   139
         Robe              |     3 |       |     3 |       ||     6
         Acid dragon scale |       |       |     4 |   271 ||   275
  Dodge: Dodged            |    15 |    11 |    58 |   175 ||   259
  Block: Other             |       |       |       |    24 ||    24

Table legend: (Time is in decaauts)
 A = Elapsed time spent in this place.
 B = Non-inter-level travel time spent in this place.
 C = Inter-level travel time spent in this place.
 D = Time resting spent in this place.
 E = Time spent auto-exploring this place.
 F = Levels seen in this place.
 G = Mean time per level.
                   A        B        C        D        E       F      G
               +--------+--------+--------+--------+--------+-----+--------+
         Total |  17901 |  17177 |    724 |    621 |  14304 |  15 | 1193.4 |
       Dungeon |  15026 |  14389 |    637 |    562 |  11930 |  11 | 1366.0 |
        Temple |     34 |      2 |     32 |      0 |      0 |   1 |   34.0 |
          Lair |   1607 |   1553 |     54 |     59 |   1307 |   2 |  803.5 |
       Ossuary |   1232 |   1232 |      0 |      0 |   1066 |   1 | 1232.0 |
               +--------+--------+--------+--------+--------+-----+--------+

Top non-repeatable levels by time:
     D:9: 2531 daAuts
    D:10: 1631 daAuts
  Lair:1: 1582 daAuts
     D:4: 1534 daAuts
     D:8: 1454 daAuts
     D:6: 1377 daAuts
    D:11: 1259 daAuts
 Ossuary: 1232 daAuts
     D:2: 1182 daAuts
     D:5: 1131 daAuts
     D:1: 1103 daAuts
     D:7: 919 daAuts
     D:3: 901 daAuts
  Temple: 34 daAuts
  Lair:2: 24 daAuts
